 Dungeon Crawl Stone Soup version 0.31-a0-196-g86fe4a5e66 (webtiles) character file.

Game seed: 15978637158307613378

89 lessens the Chopper (level 4, -15/33 HPs)
             Began as a Hill Orc Fire Elementalist on June 24, 2023.
             Was an Initiate of Ashenzari.
             Demolished by a hobgoblin
             ... wielding a +0 whip of electrocution
              (17 damage)
             ... on level 2 of the Dungeon.
             The game lasted 00:05:54 (2869 turns).

lessens the Chopper (Hill Orc Fire Elementalist)    Turns: 2869, Time: 00:05:55

Health: -15/33     AC:  2    Str: 12    XL:     4   Next: 55%
Magic:  0/6        EV: 12    Int: 15    God:    Ashenzari [......]
Gold:   147        SH:  0    Dex: 11    Spells: 5/6 levels left

rFire   . . .        u - +0 hand axe
rCold   . . .        (no shield)
rNeg    . . .        a - +0 robe
rPois   .            (no helmet)
rElec   .            (no cloak)
rCorr   .            (no gloves)
SInv    .            (no boots)
Will    .....        (no amulet)
Stlth   ++           (no ring)
HPRegen 0.25/turn    (no ring)
MPRegen 0.10/turn

%: no passive effects
@: no status effects
A: no striking features
a: Renounce Religion


You were on level 2 of the Dungeon.
You worshipped Ashenzari.
Ashenzari was noncommittal.
You visited 1 branch of the dungeon, and saw 3 of its levels.

You collected 147 gold pieces.

Inventory:

Hand Weapons
 t - a +0 flail
 u - a +0 hand axe (weapon)
Missiles
 f - 33 stones
 q - 6 javelins
Armour
 a - a +0 robe (worn)
 v - a +0 chain mail
Jewellery
 s - an amulet of the acrobat
Wands
 o - a wand of flame (16)
Scrolls
 c - a scroll of acquirement {unknown}
 h - 2 scrolls of fog {unknown}
 j - 4 scrolls of identify {unknown}
 k - a scroll of poison {unknown}
 l - 2 scrolls of enchant armour {unknown}
 m - a scroll of fear {unknown}
 n - 2 scrolls of noise {unknown}
 p - a scroll of butterflies {unknown}
 r - 2 scrolls of teleportation {unknown}
 w - a scroll of revelation {unknown}
Potions
 b - a potion of magic
 d - 4 potions of heal wounds {unknown}
 e - 2 potions of enlightenment {unknown}
 g - a potion of attraction {unknown}
 i - a potion of berserk rage {unknown}


   Skills:
 + Level 5.3 Axes
 - Level 1.5 Dodging
 - Level 1.5 Stealth
 - Level 1.5 Spellcasting
 - Level 1.0 Conjurations
 - Level 3.2 Fire Magic


You had 5 spell levels left.
You knew the following spells:

 Your Spells              Type           Power      Damage    Failure   Level
a - Foxfire               Conj/Fire      28%        2x1d5     10%         1

Your spell library contained the following spells:

 Spells                   Type           Power      Damage    Failure   Level
 Scorch                   Fire           22%        2d6       9%          2
 Slow                     Hex            4%         N/A       24%         1
 Inner Flame              Hex/Fire       6%         N/A       34%         3
 Volatile Blastmotes      Fire/Tloc      12%        2d11      34%         3
 Confusing Touch          Hex            1%         N/A       56%         3
 Vampiric Draining        Necr           1%         2d6       56%         3
 Flame Wave               Conj/Fire      7%         2d5       67%         4
 Summon Forest            Summ/Tloc      0%         N/A       100%        5
 Eringya's Noxious Bog    Tmut/Pois      0%         N/A       100%        6
 Summon Hydra             Summ           0%         N/A       100%        7


Dungeon Overview and Level Annotations

Branches:
Dungeon (3/15) Zot: 15129

Altars:
Ashenzari


Message History

Press: ? - help, Q - select action, (/) - cycle Dir - look around, f - activate You conjure some foxfire!
The foxfire hits the sleepcap but does no damage.
The sleepcap is lightly damaged.
The foxfire hits the sleepcap.
The sleepcap is moderately damaged.
Your foxfire dissipates!
The foxfire hits the sleepcap.
The sleepcap is moderately damaged.
A hobgoblin comes into view.
It is wielding a +0 whip of electrocution.
The hobgoblin shouts!
The hobgoblin hits you with a +0 whip of electrocution.
The hobgoblin misses you. The hobgoblin attacks as you move away!
The hobgoblin hits you with a +0 whip of electrocution.
You are electrocuted!
The hobgoblin throws a stone.
The stone misses you. The hobgoblin attacks as you move away!
The hobgoblin hits you with a +0 whip of electrocution.
* * * LOW HITPOINT WARNING * * *
There is a stone staircase leading up here.
The hobgoblin closely misses you.
You climb upwards.
There is a stone staircase leading down here.
Casting: Foxfire (safe; 10% risk of failure)
Press: ? - help, Q - select action, (/) - cycle Dir - look around, f - activate You conjure some foxfire!
The hobgoblin closely misses you.
Your foxfire dissipates!
The hobgoblin attacks as you move away! The hobgoblin barely misses you.
The foxfire hits the hobgoblin.
The hobgoblin is lightly wounded.
Casting: Foxfire (safe; 10% risk of failure)
Press: ? - help, Q - select action, (/) - cycle Dir - look around, f - activate You conjure some foxfire!
The hobgoblin hits you with a +0 whip of electrocution!
* * * LOW HITPOINT WARNING * * *
You are electrocuted!
Ouch! That really hurt!
You die...

#.###...................#.#
##.#....##.#..######.####.####
##.##.###.#.....# #.# #.....
####.# #.##.##.# #.# ######
#.# #.##.##.# #.# #.#
#.##.##.###.### ##.#
#.#.........#.## #..#
#>...g.........## #.##
#...@v..........## #.#
##...v...........# #.#
##.............### #.#
##.......#......## #.#
##.....>.##......## #.#
#.................# #.#
##.#######.....>... #.# ###
#####........# #.#
#...........##


You could see a hobgoblin (ally target).

Vanquished Creatures
  2 adders (D:2)
  2 worms (D:2)
  2 dart slugs (D:2)
  4 orcs (D:3)
  5 ball pythons
  2 bats
  6 endoplasms
  2 giant cockroaches
  9 goblins
  4 hobgoblins
  2 jackals (D:3)
  2 quokkas
  2 frilled lizards
  4 kobolds
  2 rats (D:1)
50 creatures vanquished.

Vanquished Creatures (others)
  166 foxfires
166 creatures vanquished.

Grand Total: 216 creatures vanquished

Notes
Turn   | Place    | Note
-------+----------+-------------------------------------------
     0 | D:1      | lessens the Hill Orc Fire Elementalist began the quest for
                  | the Orb.
     0 | D:1      | Reached XP level 1. HP: 14/14 MP: 3/3
   121 | D:1      | Reached skill level 1 in Axes
   272 | D:1      | Reached skill level 2 in Axes
   272 | D:1      | Reached XP level 2. HP: 20/20 MP: 0/4
   272 | D:1      | Upgraded the game from 0.31-a0-188-g5e087ee2ca to
                  | 0.31-a0-196-g86fe4a5e66
   686 | D:1      | Reached skill level 3 in Axes
   947 | D:1      | Reached XP level 3. HP: 26/26 MP: 2/5
  1481 | D:2      | Reached skill level 4 in Axes
  1887 | D:2      | Found a broken altar of Ashenzari.
  1900 | D:2      | Became a worshipper of Ashenzari the Shackled
  1960 | D:2      | Reached XP level 4. HP: 33/33 MP: 1/6
  2420 | D:2      | Reached skill level 5 in Axes
  2869 | D:2      | Demolished by a hobgoblin

Illustrated notes

Levels and vault maps discovered:
D:1:      ebering_trefoil_3fold, layout_loops_cross
D:2:      layout_loops_ring, basic_altar
D:3:      layout_rooms, jmf_multi_god_temple, tgw_sif, serial_aquarium,
          aquarium_bridge_square [aquarium_subvault_balcony,
          aquarium_subvault_wall, aquarium_subvault_bridge,
          aquarium_subvault_wall], aquarium_bridge_square
          [aquarium_subvault_window, aquarium_subvault_bridge,
          aquarium_subvault_wall, aquarium_subvault_bridge], aquarium_window_1,
          aquarium_window_corner, aquarium_window_3, aquarium_window_fake,
          aquarium_view_2f, aquarium_balcony_1a, minmay_misc_feat_tower,
          uniq_grinder

Skill      XL: |  1  2  3  4 |
---------------+-------------+-----
Axes           | 2 3 4 5 |  5.3
Dodging        | |  1.5
Stealth        | |  1.5
Spellcasting   | |  1.5
Conjurations   | |  1.0
Fire Magic     | |  3.2

Action                     |  1- 3 |  4- 6 || total
---------------------------+-------+-------++-------
  Melee: Unarmed           |     2 |     1 ||     3
         Flail             |       |     4 ||     4
   Cast: Foxfire           |    68 |    38 ||   106
 Armour: Robe              |     8 |     5 ||    13
  Dodge: Dodged            |    17 |    16 ||    33

Table legend: (Time is in decaauts)
 A = Elapsed time spent in this place.
 B = Non-inter-level travel time spent in this place.
 C = Inter-level travel time spent in this place.
 D = Time resting spent in this place.
 E = Time spent auto-exploring this place.
 F = Levels seen in this place.
 G = Mean time per level.
                   A        B        C        D        E       F      G
               +--------+--------+--------+--------+--------+-----+--------+
         Total |   2869 |   2814 |     55 |      0 |   2339 |   3 |  956.3 |
       Dungeon |   2869 |   2814 |     55 |      0 |   2339 |   3 |  956.3 |
               +--------+--------+--------+--------+--------+-----+--------+

Top non-repeatable levels by time:
     D:2: 1342 daAuts
     D:1: 1174 daAuts
     D:3: 352 daAuts

Levels and vault maps discovered:
D:1:      ebering_trefoil_3fold, layout_loops_cross
D:2:      layout_loops_ring, basic_altar
D:3:      layout_rooms, jmf_multi_god_temple, tgw_sif, serial_aquarium,
          aquarium_bridge_square [aquarium_subvault_balcony,
          aquarium_subvault_wall, aquarium_subvault_bridge,
          aquarium_subvault_wall], aquarium_bridge_square
          [aquarium_subvault_window, aquarium_subvault_bridge,
          aquarium_subvault_wall, aquarium_subvault_bridge], aquarium_window_1,
          aquarium_window_corner, aquarium_window_3, aquarium_window_fake,
          aquarium_view_2f, aquarium_balcony_1a, minmay_misc_feat_tower,
          uniq_grinder
